 Dungeon Crawl Stone Soup version 0.28.0 (webtiles) character file.

Game seed: 954573653045837368

524 bande the Covered (level 7, 0/44 HPs)
             Began as a Gargoyle Fighter on Feb 6, 2022.
             Slain by Blork the orc (13 damage)
             ... on level 4 of the Dungeon.
             The game lasted 00:07:32 (4568 turns).

bande the Covered (Gargoyle Fighter)                Turns: 4568, Time: 00:07:32

Health: 0/44       AC: 12    Str: 20    XL:     7   Next: 22%
Magic:  7/7        EV:  9    Int:  8    God:
Gold:   150        SH:  5    Dex: 11    Spells: 6/6 levels left

rFire   . . .      SeeInvis .   a - +0 war axe (vorpal)
rCold   . . .      Faith    .   c - +1 buckler
rNeg    + . .      Spirit   .   b - +0 scale mail
rPois   ∞          Reflect  .   (no helmet)
rElec   +          Harm     .   (no cloak)
rCorr   .          Rampage  .   (no gloves)
Will    .....                   (no boots)
Stlth   ..........              (no amulet)
HPRegen 0.14/turn               (no ring)
MPRegen 0.10/turn               (no ring)

@: no status effects
A: sickness immunity, AC +4, negative energy resistance 1, electricity
resistance, torment resistance 1, petrification resistance
a: no special abilities


You were on level 4 of the Dungeon.
You visited 1 branch of the dungeon, and saw 4 of its levels.

You collected 150 gold pieces.

Inventory:

Hand Weapons
 a - a +0 vorpal war axe (weapon)
 m - a +0 flail of protection
Armour
 b - a +0 scale mail (worn)
 c - a +1 buckler (worn)
Jewellery
 e - an amulet of the acrobat
Wands
 g - a wand of digging (3)
Scrolls
 h - a scroll of enchant armour
 k - a scroll of brand weapon
Potions
 d - a potion of might
 f - 2 potions of curing
 i - a potion of flight


   Skills:
 + Level 4.5 Fighting
 + Level 4.8 Axes
 + Level 5.3 Armour
 + Level 4.1 Shields
 * Level 0.4 Evocations


You had 6 spell levels left.
You didn't know any spells.
Your spell library contained the following spells:

 Spells                   Type           Power      Damage    Failure   Level
 Slow                     Hex            0%         N/A       83%         1
 Sting                    Tmut/Pois      0%         1d3       83%         1
 Confusing Touch          Hex            0%         N/A       99%         3
 Vampiric Draining        Necr           0%         2d6       99%         3


Dungeon Overview and Level Annotations

Branches:
Dungeon (4/15)
 Temple: D:4-7

Altars:
Dithmenos
Makhleb
The Shining One

Annotations:
D:4 Blork the orc


Innate Abilities, Weirdness & Mutations

You are immune to sickness and miasma.
Your stone body is resilient. (AC +4)
You are immune to poison.
You resist negative energy. (rN+)
You are resistant to electric shocks. (rElec)
You are resistant to unholy torment.
You are immune to petrification.


Message History

You block Blork the orc's attack. Blork the orc barely misses you.
You closely miss Blork the orc.
Blork the orc is lightly wounded.
Blork the orc points at you and mumbles some strange words.
The magic dart hits you.
You hit Blork the orc.
Blork the orc is heavily wounded.
Blork the orc mumbles some strange words.
Blork the orc seems to speed up.
You closely miss Blork the orc.
Blork the orc is heavily wounded.
You block Blork the orc's attack. Blork the orc closely misses you.
Unknown command.
You barely miss Blork the orc.
Blork the orc is heavily wounded.
Blork the orc hits you with a +0 halberd!
* * * LOW HITPOINT WARNING * * *
Blork the orc hits you with a +0 halberd!
* * * LOW HITPOINT WARNING * * *
You hit Blork the orc.
Blork the orc is severely wounded.
You block Blork the orc's attack. Blork the orc closely misses you.
Unknown command.
You feel better. Blork the orc barely misses you.
Okay, then.
You hit Blork the orc but do no damage.
Blork the orc is severely wounded.
Blork the orc hits you with a +0 halberd.
* * * LOW HITPOINT WARNING * * *
Blork the orc hits you with a +0 halberd!
* * * LOW HITPOINT WARNING * * *
You are confused.
You feel invigorated.
Blork the orc hits you but does no damage.
Blork the orc closely misses you. Blork the orc barely misses you.
You feel less invigorated.
You feel less confused.
Blork the orc hits you from afar with a +0 halberd!
You die...

####
###.....# .
###......##
.
###.......#
##........#
##........#
##........#
#.....o..#
#.....#
##...@##
##..####
##..##
###.### ##
##..## .##
##.<##
..####..##
.......##
.####..#


You could see Blork the orc (fast).

Vanquished Creatures
  Sigmund (D:4)
  Edmund (D:4)
  A scorpion (D:4)
  2 hounds (D:4)
  An iguana (D:4)
  Jessica (D:2)
  A shadow imp (D:3)
  3 dart slugs
  7 endoplasms
  6 giant cockroaches
  6 goblins
  8 hobgoblins
  3 jackals (D:3)
  10 kobolds
  3 quokkas
  5 ball pythons
  6 bats
  8 frilled lizards
  4 rats
77 creatures vanquished.

Notes
Turn   | Place    | Note
-------+----------+-------------------------------------------
     0 | D:1      | bande the Gargoyle Fighter began the quest for the Orb.
     0 | D:1      | Reached XP level 1. HP: 14/14 MP: 1/1
    70 | D:1      | Reached XP level 2. HP: 19/19 MP: 2/2
   400 | D:1      | Reached XP level 3. HP: 21/23 MP: 3/3
   702 | D:1      | Found a faded altar of an unknown god.
   709 | D:1      | Got Plato's Disquisition on Moulding
   749 | D:2      | Noticed Jessica
   765 | D:2      | Killed Jessica
  1093 | D:2      | Reached XP level 4. HP: 25/29 MP: 4/4
  1273 | D:2      | Reached skill level 4 in Armour
  1750 | D:2      | Found a burning altar of Makhleb.
  1940 | D:3      | You fall into a shaft and drop 1 floor!
  2287 | D:3      | Found a burning altar of Makhleb.
  2746 | D:3      | Found a shadowy altar of Dithmenos.
  3196 | D:4      | Noticed a scorpion
  3202 | D:4      | Killed a scorpion
  3203 | D:4      | Reached XP level 5. HP: 29/33 MP: 5/5
  3276 | D:4      | Noticed Sigmund
  3285 | D:4      | Killed Sigmund
  3286 | D:4      | Reached XP level 6. HP: 30/38 MP: 6/6
  3557 | D:4      | Noticed Edmund
  3578 | D:4      | Killed Edmund
  3579 | D:4      | Reached skill level 5 in Armour
  3905 | D:4      | Reached XP level 7. HP: 44/44 MP: 7/7
  3999 | D:4      | Found a glowing golden altar of the Shining One.
  4551 | D:4      | Noticed Blork the orc
  4562 | D:4      | HP: 2/44 [Blork the orc (11)]
  4568 | D:4      | Slain by Blork the orc

Illustrated notes

Levels and vault maps discovered:
D:1:      amcnicky_arrival_choice, layout_rooms,
          shapermc_ecumenical_altar_rom_forum, wad_floor_pattern_2
D:2:      layout_loops_corners, basic_altar, uniq_jessica
D:3:      layout_rooms, grunt_dithmenos_smoke, mainiacjoe_overflow_24_doors
D:4:      layout_cave_pods, tso_altar, uniq_sigmund, uniq_edmund,
          uniq_blork_the_orc

Skill      XL: |  1  2  3  4  5  6 |
---------------+-------------------+-----
Axes           | 2 3 4 |  4.8
Armour         | 4 5 |  5.3
Fighting       | 4 |  4.5
Shields        | 4 |  4.1
Evocations     | |  0.4

Action                   |  1- 3 |  4- 6 |  7- 9 || total
-------------------------+-------+-------+-------++-------
Melee: War axe           |    63 |   129 |    56 ||   248
  Use: Scroll            |       |     7 |       ||     7
       Potion            |       |       |     2 ||     2
Armor: Scale mail        |    39 |    48 |    26 ||   113
Dodge: Dodged            |    35 |    57 |    29 ||   121
Block: Buckler           |    12 |    34 |    13 ||    59
